 Dungeon Crawl Stone Soup version 0.28-a0-305-g9e858e973b (webtiles) character file.

Game seed: 14884699663014613396

60 bearlyready the Skirmisher (level 4, 0/35 HPs)
             Began as a Formicid Cinder Acolyte on Aug 29, 2021.
             Was a High Priest of Ignis.
             Killed from afar by an orc wizard (7 damage)
             ... with a magic dart
             ... on level 2 of the Dungeon.
             The game lasted 00:02:25 (2201 turns).

bearlyready the Skirmisher (FoCA)                   Turns: 2201, Time: 00:02:25

Health: 0/35       AC:  2    Str: 21    XL:     4   Next: 25%
Magic:  2/5        EV: 11    Int: 12    God:    Ignis [*****.]
Gold:   111        SH:  0    Dex:  6    Spells: 4/5 levels left

rFire   + . .      SeeInvis +   a - -1 falchion (flame)
rCold   . . .      Faith    .   (no shield)
rNeg    . . .      Spirit   .   b - +0 robe
rPois   .          Reflect  .   (helmet unavailable)
rElec   .          Harm     .   (no cloak)
rCorr   .          Rampage  .   (no gloves)
Will    .....                   (no boots)
Stlth   +.........              (no amulet)
HPRegen 0.11/turn               (no ring)
MPRegen 0.09/turn               (no ring)

@: confused, brilliant, very slightly contaminated
A: permanent stasis, dig shafts and tunnels, antennae 3, four strong arms
a: Dig, Shaft Self, Renounce Religion, Sea of Fire, Foxfire Swarm, Rising Flame


You were on level 2 of the Dungeon.
You worshipped Ignis.
Ignis was extremely pleased with you.
You visited 1 branch of the dungeon, and saw 3 of its levels.

You collected 111 gold pieces.

Inventory:

Hand Weapons
 a - a -1 falchion of flaming (weapon)
Missiles
 c - 59 stones
 d - 8 curare-tipped darts
 g - 25 sling bullets
Armour
 b - a +0 robe (worn)
Scrolls
 f - a scroll of amnesia {unknown}
 h - 4 scrolls of identify {unknown}
 i - a scroll of enchant weapon {unknown}
Potions
 e - a potion of brilliance


   Skills:
 - Level 3.2 Fighting
 - Level 3.0 Long Blades
 - Level 1.1 Spellcasting
 + Level 2.1 Conjurations
 + Level 2.6 Fire Magic


You had 4 spell levels left.
You knew the following spells:

 Your Spells              Type           Power      Damage    Failure   Level
a - Foxfire               Conj/Fire      36%        2x1d5     11%         1

Your spell library contained the following spells:

 Spells                   Type           Power      Damage    Failure   Level
 Magic Dart               Conj           32%        1d4       12%         1
 Searing Ray              Conj           16%        3d3       19%         2
 Animate Skeleton         Necr           0%         N/A       30%         1
 Apportation              Tloc           0%         N/A       30%         1
 Corona                   Hex            0%         N/A       30%         1
 Summon Small Mammal      Summ           0%         N/A       30%         1
 Fulminant Prism          Conj/Hex       2%         3d6       88%         4


Dungeon Overview and Level Annotations

Branches:
Dungeon (3/15)

Altars:
Yredelemnul


Innate Abilities, Weirdness & Mutations

You cannot be hasted, slowed, berserked, paralysed or teleported.
You can dig through walls and to a lower floor.
You have a pair of large antennae on your head. (SInv)
Your four strong arms can wield two-handed weapons with a shield.


Message History

You feel less confused.
You see here a +0 robe.
Casting: Foxfire (safe; 11% risk of failure)
Press: ? - help, Q - select action, (/) - cycle Dir - look around, f - activate You feel a surge of power!
You conjure some foxfire!
Casting: Foxfire (safe; 11% risk of failure)
Confirm with . or Enter, or press ? or * to list all spells.
Okay, then.
Unknown command.
Casting: Foxfire (safe; 11% risk of failure)
Press: ? - help, Q - select action, (/) - cycle Dir - look around, f - activate You feel a surge of power!
You miscast Foxfire.
You are very lightly contaminated with residual magic.
Nothing appears to happen.
The foxfire hits the orc.
The orc is severely wounded.
The foxfire hits the orc.
You kill the orc!
The orc wizard gestures at you while chanting.
You resist with some effort.
Casting: Foxfire (safe; 11% risk of failure)
Press: ? - help, Q - select action, (/) - cycle Dir - look around, f - activate You feel a surge of power!
You conjure some foxfire!
The orc wizard gestures at you while chanting.
You are confused.
The foxfire hits the orc wizard.
The orc wizard is moderately wounded.
The foxfire hits the orc wizard.
The orc wizard is moderately wounded.
You miss the orc wizard.
The orc wizard is moderately wounded.
The orc wizard gestures at you while chanting.
The magic dart hits you!
* * * LOW HITPOINT WARNING * * *
Okay, then.
You barely miss the orc wizard.
The orc wizard is moderately wounded.
The orc wizard casts a spell at you. The magic dart hits you!
You die...

######.####.####..##........
#......# #.# #..##........
#.###### #.# #.>#####...##
###.### #.# #..#####...#
#.....# #.# #..........#
#.#.#.# #.# ##.#########
#.#.#.# #.# #.# #.#.#.#
##)#####.# #.....#
#.@o..[..# ###.###
#..####### #.# #..# #.# #..#
#.# #..# #.# #..# #.# #..#
#.# #..# #.#### #..#


You could see an orc wizard.

Vanquished Creatures
  2 adders (D:2)
  A worm (D:2)
  An orc (D:2)
  2 endoplasms (D:1)
  2 giant cockroaches (D:1)
  4 goblins
  3 hobgoblins (D:1)
  2 kobolds
  2 quokkas
  4 ball pythons
  7 bats
  4 frilled lizards
34 creatures vanquished.

Vanquished Creatures (others)
  49 foxfires
49 creatures vanquished.

Grand Total: 83 creatures vanquished

Notes
Turn   | Place    | Note
-------+----------+-------------------------------------------
     0 | D:1      | bearlyready the Formicid Cinder Acolyte began the quest for
                  | the Orb.
     0 | D:1      | Reached XP level 1. HP: 18/18 MP: 2/2
   277 | D:1      | Reached XP level 2. HP: 24/24 MP: 0/3
   410 | D:1      | Reached skill level 1 in Conjurations
   799 | D:1      | Reached XP level 3. HP: 29/29 MP: 0/4
  1118 | D:2      | Found a faded altar of an unknown god.
  1541 | D:2      | Reached XP level 4. HP: 10/35 MP: 2/5
  1870 | D:2      | Found a basalt altar of Yredelemnul.
  2201 | D:2      | Killed from afar by an orc wizard

Illustrated notes

Levels and vault maps discovered:
D:1:      kennysheep_arrival_forest, layout_loops_ring
D:2:      layout_loops_ring, basic_altar,
          hellmonk_ecumenical_altar_heavens_door, chequers_hall_statues_y
D:3:      lemuel_castle_with_subvaults [lemuel_castle_interior_carwin_2],
          layout_loops_corners, lemuel_coloured_pillars_altar,
          old_standard_altar, serial_shops, shop,
          chequers_serial_rivers_large_b, uniq_jessica

Skill      XL: |  1  2  3 |
---------------+----------+-----
Conjurations   | 1 2 |  2.1
Fire Magic     | 2 |  2.6
Fighting       | |  3.2
Long Blades    | |  3.0
Spellcasting   | |  1.1

Action                   |  1- 3 |  4- 6 || total
-------------------------+-------+-------++-------
Melee: Falchion          |    50 |    19 ||    69
 Cast: Foxfire           |    24 |     6 ||    30
  Use: Potion            |       |     2 ||     2
Armor: Robe              |    15 |     6 ||    21
Dodge: Dodged            |    36 |    24 ||    60

Table legend: (Time is in decaauts)
 A = Elapsed time spent in this place.
 B = Non-inter-level travel time spent in this place.
 C = Inter-level travel time spent in this place.
 D = Time resting spent in this place.
 E = Time spent auto-exploring this place.
 F = Levels seen in this place.
 G = Mean time per level.
                   A        B        C        D        E       F      G
               +--------+--------+--------+--------+--------+-----+--------+
         Total |   2211 |   2160 |     51 |      0 |   1891 |   3 |  737.0 |
       Dungeon |   2211 |   2160 |     51 |      0 |   1891 |   3 |  737.0 |
               +--------+--------+--------+--------+--------+-----+--------+

Top non-repeatable levels by time:
     D:1: 1106 daAuts
     D:2: 1102 daAuts
     D:3: 1 daAuts
